 Dungeon Crawl Stone Soup version 0.28-a0-1152-g9c71ebef14 (webtiles) character file.

Game seed: 5512049014803264762

1 spaghetti the Sneak (level 1, -3/18 HPs)
             Began as a Mummy Delver on Dec 14, 2021.
             Slain by Menkaure (21 damage)
             ... on level 4 of the Dungeon.
             The game lasted 00:00:41 (175 turns).

spaghetti the Sneak (Mummy Delver)                   Turns: 175, Time: 00:00:42

Health: -3/18      AC:  3    Str: 15    XL:     1   Next: 16%
Magic:  1/1        EV: 11    Int:  9    God:
Gold:   24         SH:  0    Dex: 13    Spells: 0/0 levels left

rFire   x . .      SeeInvis .   a - +0 falchion {long}
rCold   + . .      Faith    .   (no shield)
rNeg    + + +      Spirit   .   b - +0 leather armour
rPois   ∞          Reflect  .   (no helmet)
rElec   .          Harm     .   (no cloak)
rCorr   .          Rampage  .   (no gloves)
Will    .....                   (no boots)
Stlth   ++........              (no amulet)
HPRegen 0.06/turn               (no ring)
MPRegen 0.07/turn               (no ring)

@: no status effects
A: cold resistance 1, negative energy resistance 3, torment resistance 2, heat
vulnerability 1, no potions
a: no special abilities


You were on level 4 of the Dungeon.
You visited 1 branch of the dungeon, and saw 2 of its levels.

You collected 24 gold pieces.


Innate Abilities, Weirdness & Mutations

You are immune to poison.
Your flesh is cold resistant. (rC+)
You are immune to negative energy. (rN+++)
You are immune to unholy pain and torment.
You are vulnerable to heat. (rF-)
You do not drink.


   Skills:
 + Level 3.1 Fighting
 - Level 1.5 Long Blades
 - Level 1.5 Dodging
 - Level 4.1 Stealth


You couldn't memorise any spells.
You didn't know any spells.
Your spell library was empty.

Inventory:

Hand Weapons
 a - a +0 falchion (weapon) {long}
Missiles
 g - 14 stones (quivered) {throwing}
Armour
 b - a +0 leather armour (worn)
Wands
 f - a wand of digging (3)
Scrolls
 c - a scroll of fog
 d - a scroll of magic mapping {!r}
 e - a scroll of fear

Dungeon Overview and Level Annotations

Branches:
Dungeon (5/15)
 Temple: D:4-7

Altars:
Gozag
Okawaru
Ru
Xom

Annotations:
D:4 Menkaure

#.......#......'..........##
#......##......##...........
#......##...#PP#.##.......#
#..........##_._._##...##.#
#......####P......P....##.#
######.####....⌠P..#...##'##
#....###...P.#P.......#
#.##.# ###'###........#
#.##.# #..@M..........#
#.##'# #####'####.....#
.##.M. #....##.....# . #....
#....###...## .. #....#
#....# ##..# .. #....#
#....####..### #....#
#.<..#.......# +....#
#....+.....### #....#.##..#


You could see Menkaure (fast).


Message History

🤖 Initializing magus.rc ...
Options error: Delay interrupt name "hungry" not recognised. (~/.crawlrc:4771) ✅ Successfully initialized magus.rc [v1.9.6] Welcome, spaghetti the Mummy Delver.
Will you be the one to retrieve the sublime Orb of Zot from the depths?
Press ? for a list of commands and other information.
Found 14 stones.
Found a stone staircase leading down.
Unknown command.
g - 14 stones {throwing}
Found a stone staircase leading up.
Found a sacrificial altar of Ru.
A killer bee comes into view.
A shadow imp comes into view.
The shadow imp shouts!
You hear an angry hiss.
There is a stone staircase leading up here.
You climb upwards.
There is a stone staircase leading down here.
Unknown command.
Unknown command.
Unknown command.
You now have 14 gold pieces.
An endoplasm comes into view.
An endoplasm is nearby!
The endoplasm quivers.
The endoplasm hits you. 😕 HP[-1]
You take 1 damage, and now have 17/18 hp.
You hit the endoplasm but do no damage. The endoplasm freezes you.
You are frozen.
You resist. 😕 HP[-1]
You take 1 damage, and now have 16/18 hp.
You hit the endoplasm but do no damage. The endoplasm hits you. 😕 HP[-1]
You take 1 damage, and now have 15/18 hp.
You slash the endoplasm!
You kill the endoplasm! 😕 HP[+1]
You open the door.
There is an open door here.
Found a shimmering altar of Xom. 😎 HP[+2]
Your hp is fully restored (18).
Found an iron altar of Okawaru.
As you open the door, it creaks loudly!
Found a stone staircase leading up.
There is an open door here.
You open the door.
Found an opulent altar of Gozag.
There is an open door here.
There is an iron altar of Okawaru here.
You open the door.
There is an open door here.
You now have 24 gold pieces (gained 10).
You open the door.
Menkaure, Prince of Dust comes into view.
Unknown command.
There is an open door here.
Okay, then.
There is an open door here.
Menkaure casts a spell.
Menkaure seems to speed up.
Menkaure hits the plant.
The plant begins to die.
There is an opulent altar of Gozag here.
You kneel at the altar of Gozag.
Gozag does not accept service from beggars like you!
The service fee for joining is currently 54 gold; you only have 24.
Unknown command.
Press < or > to pray at altars.
Unknown command.
Press < or > to pray at altars.
Unknown command.
Press < or > to pray at altars.
You kneel at the altar of Gozag.
Gozag does not accept service from beggars like you!
The service fee for joining is currently 54 gold; you only have 24.
Unknown command.
Press < or > to pray at altars.
Unknown command.
Press < or > to pray at altars.
Okay, then.
Unknown command.
Press < or > to pray at altars.
You can't drink.
There is a dry fountain here.
A nearby plant withers and dies.
There is an open door here.
Okay, then.
There's nothing to close nearby.
Okay, then.
You can't drink.
Okay, then.
Unknown command.
Menkaure shouts, "The curse of the Pharaohs be upon you!"
You hit Menkaure. Menkaure barely misses you. Menkaure hits you!!
Ouch! That really hurt!
You die...

Action                   || total
-------------------------++-------
Melee: Falchion          ||     4
Dodge: Dodged            ||     1

Levels and vault maps discovered:
D:4:      layout_basic, gammafunk_temple_overflow_forgotten,
          dk_rats_in_the_wall, uniq_menkaure
D:5:      layout_loops_ring, mainiacjoe_overflow_paths,
          minmay_temple_entry_enclosed_plants, serial_shops, nicolae_shop_stone,
          minmay_starry_boxes

Notes
Turn   | Place    | Note
-------+----------+-------------------------------------------
     0 | D:5      | spaghetti the Mummy Delver began the quest for the Orb.
     0 | D:5      | Reached XP level 1. HP: 18/18 MP: 1/1
     0 | D:5      | magus.rc [v1.9.6]
    26 | D:5      | Found a sacrificial altar of Ru.
    27 | D:5      | Noticed a killer bee
    86 | D:4      | Found a shimmering altar of Xom.
    88 | D:4      | Found an iron altar of Okawaru.
    97 | D:4      | Found an opulent altar of Gozag.
   134 | D:4      | Noticed Menkaure
   175 | D:4      | Slain by Menkaure

Vanquished Creatures
  An endoplasm (D:4)
1 creature vanquished.

Vanquished Creatures (others)
  A plant (D:4)
1 creature vanquished.

Grand Total: 2 creatures vanquished

Table legend:
 A = Non-vault XP
 B = Vault XP
 C = Vault XP percentage of total XP
 D = Non-vault monster count
 E = Vault monster count
 F = Vault count percentage of total count
                 A         B        C        D         E       F
            +---------+---------+-------+---------+---------+-------
      Total |       2 |       0 |   0.0 |       1 |       0 |   0.0
            +---------+---------+-------+---------+---------+-------
        D:4 |       2 |       0 |   0.0 |       1 |       0 |   0.0
            +---------+---------+-------+---------+---------+-------

Illustrated notes

Table legend:
 A = Kills in this place as a percentage of kills in entire the game.
 B = Kills by you in this place as a percentage of kills by you in the entire game.
 C = Kills by friends in this place as a percentage of kills by friends in the entire game.
 D = Other kills in this place as a percentage of other kills in the entire game.
 E = Experience gained in this place as a percentage of experience gained in the entire game.
 F = Experience gained in this place divided by the number of levels of this place that you have seen.
                   A       B       C       D       E      F
               +-------+-------+-------+-------+-------+----------------------
         Total | 100.0 | 100.0 |   N/A |   N/A | 100.0 |   1.0
       Dungeon | 100.0 | 100.0 |   N/A |   N/A | 100.0 |   1.0
               +-------+-------+-------+-------+-------+----------------------

Table legend: (Time is in decaauts)
 A = Elapsed time spent in this place.
 B = Non-inter-level travel time spent in this place.
 C = Inter-level travel time spent in this place.
 D = Time resting spent in this place.
 E = Time spent auto-exploring this place.
 F = Levels seen in this place.
 G = Mean time per level.
                   A        B        C        D        E       F      G
               +--------+--------+--------+--------+--------+-----+--------+
         Total |    175 |    175 |      0 |      0 |    111 |   2 |   87.5 |
       Dungeon |    175 |    175 |      0 |      0 |    111 |   2 |   87.5 |
               +--------+--------+--------+--------+--------+-----+--------+

Top non-repeatable levels by time:
     D:4: 141 daAuts
     D:5: 34 daAuts
